 Dungeon Crawl Stone Soup version 0.30-a0-847-g17996783a1 (webtiles) character file.

Game seed: 10049935880052115455

9565 Pimp the Protected (level 11, -4/101 HPs)
             Began as an Armataur Fighter on Mar 3, 2023.
             Was an Elder of Okawaru.
             Slain by a hornet (10 damage)
             ... summoned by a glowing orange brain
             ... on level 11 of the Dungeon.
             The game lasted 00:28:15 (12377 turns).

Pimp the Protected (Armataur Fighter)              Turns: 12377, Time: 00:28:16

Health: -4/101     AC: 14    Str: 31    XL:     11   Next: 24%
Magic:  11/11      EV:  8    Int:  7    God:    Okawaru [****..]
Gold:   138        SH:  6    Dex: 14    Spells: 10/10 levels left

rFire   . . .      SeeInvis .    a - +2 war axe (heavy)
rCold   x . .      Faith    .    c - +0 buckler
rNeg    . . .      Spirit   .    j - +0 ring mail {rPois}
rPois   +          Reflect  .    l - +2 helmet
rElec   .          Roll     +    d - +0 cloak
rCorr   .                        m - +0 pair of gloves
Will    +....                    (no barding)
Stlth   +                        (no amulet)
HPRegen 0.36/turn                h - ring of willpower
MPRegen 0.12/turn                E - +6 ring of strength

@: flying
A: large, rugged brown scales 3, deformed body, armoured tail, roll, long
tongue, awkward tongue, hooves 1, agile 1, cold vulnerability 1, MP-powered
wands
a: Renounce Religion, Heroism, Finesse


You were on level 11 of the Dungeon.
You worshipped Okawaru.
Okawaru was greatly pleased with you.
You visited 2 branches of the dungeon, and saw 12 of its levels.

You collected 678 gold pieces.
You spent 540 gold pieces at shops.

Inventory:

Hand Weapons
 a - a +2 heavy war axe (weapon)
 o - a +4 war axe
Missiles
 C - a throwing net
Armour
 b - a +0 scale mail
 c - a +0 buckler (worn)
 d - a +0 cloak (worn)
 j - a +0 ring mail of poison resistance (worn)
 l - a +2 helmet (worn)
 m - a +0 pair of gloves (worn)
Jewellery
 h - a ring of willpower (left hand)
 p - a ring of flight
 B - an amulet of magic regeneration
 E - a +6 ring of strength (right hand)
Scrolls
 g - 2 scrolls of magic mapping
 k - 5 scrolls of amnesia
 t - a scroll of teleportation
 x - a scroll of fog
 F - a scroll of summoning
 G - a scroll of immolation {unknown}
Potions
 e - 2 potions of attraction
 i - 3 potions of resistance
 q - 2 potions of curing
 s - 2 potions of invisibility
 u - 2 potions of brilliance
 z - a potion of lignification {unknown}
 A - a potion of might


   Skills:
 + Level 8.6 Fighting
 + Level 7.6 Axes
 + Level 11.2 Armour
 + Level 10.3 Shields


You had 10 spell levels left.
You didn't know any spells.
Your spell library contained the following spells:

 Spells                   Type           Power      Damage    Failure   Level
 Shock                    Conj/Air       0%         1d3       56%         1
 Ignite Poison            Fire/Tmut/Pois 0%         N/A       91%         3
 Kindle Blastsparks       Fire/Tloc/Air  0%         2d10      91%         3
 Ozocubu's Armour         Ice            0%         N/A       91%         3
 Swiftness                Air            0%         N/A       91%         3
 Airstrike                Air            0%         2d(0-16)  100%        4
 Freezing Cloud           Conj/Ice/Air   0%         6-21      100%        5
 Metabolic Englaciation   Hex/Ice        0%         N/A       100%        5
 Simulacrum               Ice/Necr       Unusable   N/A       N/A         6

Dungeon Overview and Level Annotations

Branches:
Dungeon (11/15)            Temple (1/1) D:7            Lair (0/5) D:8
    Orc (0/2) D:10

Altars:
Ashenzari
Cheibriados
Dithmenos
Elyvilon
Fedhas
Gozag
Hepliaklqana
Kikubaaqudgha
Makhleb
Nemelex Xobeh
Okawaru
Qazlal
Ru
Sif Muna
Trog
Uskayaw
Vehumet
Wu Jian
Xom
Yredelemnul
Zin
The Shining One

Shops:
D:3 *   D:7 (   D:10 =   D:11 ?


Innate Abilities, Weirdness & Mutations

You are completely covered in rugged brown scales. (AC +3, +7% HP)
Armour fits poorly on your strangely shaped body.
You have a long armoured tail.
You roll when moving toward enemies. (Rampage)
Your long tongue fully drains potion bottles. (2x potion effects)
Your tongue gives you trouble enunciating. (1.5x scroll delay)
You have large cloven feet.
You are agile. (Dex +4, Str/Int -1)
You are vulnerable to cold. (rC-)
You expend magic power (3 MP) to strengthen your wands.


Message History

The orc wizard barely misses you. The orc warrior barely misses you.
You slash the orc wizard! You kick the orc wizard.
You kill the orc wizard!
The orc wizard's corpse dissolves into shadows!
You slash the hornet! You barely miss the orc warrior.
You feel yourself speed up. The hornet stings you.
You feel yourself slow down. The hornet barely misses you.
You block the orc warrior's attack.
The hornet stings you but does no damage.
The orc warrior hits you but does no damage.
You block the hornet's attack.
You barely miss the hornet.
You tail-slap the hornet, but do no damage.
The hornet is moderately wounded.
You closely miss the orc warrior. The hornet barely misses you.
The orc warrior hits you but does no damage.
The hornet stings you!
* * * LOW HITPOINT WARNING * * *
The orc warrior barely misses you. You block the hornet's attack.
The glowing orange brain blinks!
The orc warrior hits you with a +0 battleaxe!
* * * LOW HITPOINT WARNING * * *
The hornet stings you but does no damage.
You feel yourself speed up.
The glowing orange brain pulsates.
You resist with almost no effort.
The orc warrior hits you with a +0 battleaxe!
* * * LOW HITPOINT WARNING * * *
The hornet stings you but does no damage.
You slurp down every last drop of the potion of curing!
You feel better.
The hornet stings you but does no damage.
The glowing orange brain pulsates.
The orc warrior hits you with a +0 battleaxe!
* * * LOW HITPOINT WARNING * * *
You slurp down every last drop of the metallic orange potion!
It was a potion of flight.
You feel very buoyant.
You fly up into the air.
The hornet stings you!
You die...

#..8......######.....######
#...(.....+......#.###
#..∩......# #####..#
#.........# ##.##
###<..##### #..#
###.#^.§§§######'#########
#...8...§§§§.##...........#
#.......§§y§.#............#
#..).>...§o@.#...)........#
#............#............#
#............#.........)..##
#.......................†.##
#...GC......>##...........'.
...l........##...........##
.........$.##...........#
.........##...........#
#############


You could see a glowing orange brain, a cyclops (summoned), a komodo dragon
(summoned), a hornet (summoned) and an orc warrior (summoned).

Vanquished Creatures
  Amaemon (D:9)
  A gargoyle (D:11)
  A torpor snail (D:10)
  An orange demon (D:9)
  A troll (D:10)
  A hornet (D:9)
  A polar bear (D:11)
  2 shadows
  4 wyverns
  10 yaks
  2 vampire mosquitoes (D:11)
  3 steam dragons
  An acid dragon (D:11)
  4 water moccasins
  5 ice beasts
  An orc warrior (D:11)
  2 sky beasts
  An ogre (D:7)
  2 centaurs
  A phantom (D:4)
  4 kobold brigands
  2 bullfrogs (D:7)
  4 gnoll sergeants
  4 scorpions
  13 wights
  6 killer bees (D:10)
  A howler monkey (D:5)
  A jelly (D:8)
  7 hounds
  2 gnoll boudas
  2 orc priests
  Crazy Yiuf (D:2)
  An iguana (D:5)
  7 orc wizards
  33 gnolls
  4 adders
  A shadow imp (D:5)
  A white imp (D:6)
  2 ufetubi
  3 worms
  5 dart slugs
  19 orcs
  4 ball pythons
  5 endoplasms
  4 giant cockroaches
  11 goblins
  10 hobgoblins
  2 jackals (D:10)
  4 quokkas
  10 bats
  3 frilled lizards
  25 kobolds
  4 rats
250 creatures vanquished.

Vanquished Creatures (others)
  An orc (D:3)
  5 plants
6 creatures vanquished.

Grand Total: 256 creatures vanquished

Notes
Turn   | Place    | Note
-------+----------+-------------------------------------------
     0 | D:1      | Pimp the Armataur Fighter began the quest for the Orb.
     0 | D:1      | Reached XP level 1. HP: 19/19 MP: 1/1
   263 | D:1      | Reached XP level 2. HP: 26/26 MP: 2/2
   712 | D:2      | Reached skill level 4 in Armour
   782 | D:2      | Found a runed translucent door.
   783 | D:2      | Noticed Crazy Yiuf
   789 | D:2      | Killed Crazy Yiuf
   790 | D:2      | Reached XP level 3. HP: 13/33 MP: 3/3
  1206 | D:2      | Reached XP level 4. HP: 37/40 MP: 4/4
  1668 | D:3      | Found Noyp's General Store.
  1830 | D:3      | Reached XP level 5. HP: 12/48 MP: 5/5
  2039 | D:3      | Found a burning altar of Makhleb.
  2041 | D:3      | Noticed a blizzard demon
  2061 | D:3      | Found a faded altar of an unknown god.
  2437 | D:4      | Reached skill level 5 in Armour
  2572 | D:4      | Noticed a phantom
  2578 | D:4      | Found a faded altar of an unknown god.
  2587 | D:4      | Found a hazy altar of Hepliaklqana.
  2592 | D:4      | Killed a phantom
  2593 | D:4      | Reached XP level 6. HP: 41/55 MP: 6/6
  3148 | D:4      | Reached skill level 5 in Shields
  3292 | D:4      | Noticed a sky beast
  3316 | D:4      | Killed a sky beast
  3317 | D:4      | Reached XP level 7. HP: 22/63 MP: 7/7
  3589 | D:4      | Found a snail-covered altar of Cheibriados.
  3593 | D:4      | Found a stormy altar of Qazlal.
  3593 | D:4      | Found a shadowy altar of Dithmenos.
  3602 | D:4      | Found a radiant altar of Vehumet.
  3605 | D:4      | Found a glowing silver altar of Zin.
  3738 | D:5      | Entered Level 5 of the Dungeon
  3836 | D:5      | Reached skill level 6 in Armour
  4683 | D:5      | Found a shimmering blue altar of Sif Muna.
  4688 | D:5      | Found a sacrificial altar of Ru.
  4792 | D:6      | Noticed a yak
  4792 | D:6      | Noticed a yak
  4792 | D:6      | Noticed a yak
  4792 | D:6      | Noticed a yak
  4827 | D:6      | Reached skill level 5 in Fighting
  4827 | D:6      | Reached XP level 8. HP: 53/72 MP: 8/8
  5035 | D:6      | Reached skill level 7 in Armour
  5355 | D:6      | HP: 2/73 [yak (14)]
  5701 | D:5      | Reached skill level 5 in Axes
  5909 | D:6      | Found a sparkling altar of Nemelex Xobeh.
  5923 | D:6      | Reached XP level 9. HP: 35/80 MP: 9/9
  6194 | D:7      | Found a staircase to the Ecumenical Temple.
  6208 | D:7      | Reached skill level 8 in Armour
  6227 | Temple   | Entered the Ecumenical Temple
  6235 | Temple   | Became a worshipper of Warmaster Okawaru
  6539 | D:7      | Found a broken altar of Ashenzari.
  6542 | D:7      | Saw a vision of the Swamp and the Spider Nest.
  6542 | D:7      | Noticed a pharaoh ant
  6542 | D:7      | Noticed a pharaoh ant
  6542 | D:7      | Noticed a demonic crawler
  6542 | D:7      | Noticed a demonic crawler
  6542 | D:7      | Noticed a wolf spider
  6542 | D:7      | Noticed a spark wasp
  6542 | D:7      | Noticed an eight-headed hydra
  6542 | D:7      | Noticed a demonic crawler
  6543 | D:7      | Noticed a wolf spider
  6544 | D:7      | Noticed a swamp dragon
  6544 | D:7      | Noticed a spriggan rider
  6550 | D:7      | Noticed a bog body
  6769 | D:7      | Found Kimodov's Antique Weapon Emporium.
  6771 | D:7      | Reached * piety under Okawaru
  7083 | D:7      | Reached skill level 9 in Armour
  7685 | D:7      | Reached ** piety under Okawaru
  7799 | D:8      | Found a staircase to the Lair.
  7828 | D:8      | Reached XP level 10. HP: 92/92 MP: 10/10
  9035 | D:9      | Found a glowing golden altar of the Shining One.
  9115 | D:9      | Reached skill level 10 in Armour
  9137 | D:9      | Found a bloodstained altar of Trog.
  9174 | D:9      | Found a broken altar of Ashenzari.
  9176 | D:9      | Found a sparkling altar of Nemelex Xobeh.
  9176 | D:9      | Found a shimmering altar of Xom.
  9178 | D:9      | Found a shimmering altar of Xom.
  9178 | D:9      | Found a bloodstained altar of Trog.
  9178 | D:9      | Found a sacrificial altar of Ru.
  9275 | D:9      | Reached *** piety under Okawaru
  9351 | D:9      | HP: 3/94 [gnoll sergeant/+7 spear of freezing (2)]
  9573 | D:9      | Noticed Amaemon
  9573 | D:9      | Noticed an orange demon
  9646 | D:9      | Killed Amaemon
  9650 | D:9      | Killed an orange demon
 10119 | D:10     | Entered Level 10 of the Dungeon
 10135 | D:10     | Reached **** piety under Okawaru
 10181 | D:10     | Reached XP level 11. HP: 43/101 MP: 11/11
 10514 | D:10     | Found a staircase to the Orcish Mines.
 10569 | D:10     | Reached skill level 10 in Shields
 10751 | D:10     | Found a basalt altar of Yredelemnul.
 10901 | D:10     | Noticed a two-headed ogre
 10904 | D:10     | a two-headed ogre changed into a torpor snail
 11136 | D:10     | Found Ohiujuih's Jewellery Emporium.
 11138 | D:10     | Reached skill level 11 in Armour
 11142 | D:10     | Bought a +6 ring of strength for 540 gold pieces
 11560 | D:11     | Noticed a two-headed ogre
 11565 | D:11     | a two-headed ogre changed into an orb spider
 11565 | D:11     | Noticed an orb spider
 11569 | D:11     | an orb spider changed into a polar bear
 11691 | D:11     | Found Qoecom's Magic Scroll Boutique.
 11702 | D:11     | a cyclops changed into a glowing orange brain
 11702 | D:11     | Noticed a glowing orange brain
 12079 | D:10     | Gained mutation: You are vulnerable to cold. (rC-) [potion
                  | of mutation]
 12079 | D:10     | Gained mutation: You have large cloven feet. [potion of
                  | mutation]
 12079 | D:10     | Gained mutation: You expend magic power (3 MP) to
                  | strengthen your wands. [potion of mutation]
 12079 | D:10     | Gained mutation: You are agile. (Dex +4, Str/Int -1)
                  | [potion of mutation]
 12375 | D:11     | HP: 4/101 [orc warrior/+0 battleaxe[a glowing orange brain]
                  | (14)]
 12377 | D:11     | Slain by a hornet

Illustrated notes

Levels and vault maps discovered:
D:1:      dpeg_arrival_water_temple_mockup, layout_basic
D:2:      layout_basic, serial_bayou, serial_bayou_ford_a,
          serial_bayou_crossing, serial_bayou_pond_e, serial_bayou_pond_e,
          serial_bayou_pond_c, serial_bayou_shore_b, kennysheep_generic_room_12,
          uniq_crazy_yiuf_cottage
D:3:      cheibrodos_pilgrimage, layout_loops_ring, makhleb_altar_promises_db,
          serial_shops, shop_statue, hellmonk_ecumenical_altar_slurped_away,
          minmay_misc_feat_doors
D:4:      corexii_shantytown, layout_basic, beargit_hepliaklqana_dungeon_heroes,
          minmay_overflow_temple_star_hex
D:5:      layout_loops_ring, nicolae_overflow_squiral
D:6:      layout_basic, mainiacjoe_overflow_cross_hatched, serial_glass,
          glass_columns_b, glass_columns_b
D:7:      layout_loops_ring, grunt_ashenzari_visionary
          [grunt_ashenzari_visionary_swamp, grunt_ashenzari_visionary_spider],
          minmay_temple_entry_statues_fountains, serial_shops, shop_fountains
D:8:      layout_basic, lair_entry_dummy
D:9:      layout_loops_ring, doesnt_xom_only_xom,
          nicolae_tso_swordbearing_angel, lemuel_crystal_altar, st_stairs_11,
          minivault_4, uniq_amaemon
D:10:     layout_cave_pools, yredelemnul_altar_generic, orc_0_dummy,
          serial_gnoll_camp, gnoll_camp_mini_doghouse, gnoll_camp_mini_basic,
          gnoll_camp_mini_shop, gnoll_camp_mini_sergeant,
          gnoll_camp_mini_loothouse
D:11:     layout_roguey, serial_shops, shop_statue
Temple:   nicolae_temple_little_seven

Skill      XL: |  1  2  3  4  5  6  7  8  9 10 11 |
---------------+----------------------------------+-----
Fighting       | 3 4 5 6 7 8 |  8.6
Axes           | 2 3 4 5 6 7 |  7.6
Armour         | 4 5 6 7 9 10 11 | 11.2
Shields        | 4 5 6 7 8 9 10 | 10.3

Action                     |  1- 3 |  4- 6 |  7- 9 | 10-12 || total
---------------------------+-------+-------+-------+-------++-------
  Melee: War axe           |    98 |   170 |   214 |   221 ||   703
         Tailslap          |     9 |    16 |    18 |    36 ||    79
         Kick              |       |       |       |     4 ||     4
  Evoke: Wand              |       |       |     4 |    13 ||    17
    Use: Scroll            |     4 |     2 |     6 |    14 ||    26
         Potion            |     1 |     3 |     3 |    12 ||    19
 Armour: Scale mail        |    77 |       |       |       ||    77
         Ring mail         |    13 |   116 |   160 |   183 ||   472
  Dodge: Dodged            |    61 |    74 |    98 |   124 ||   357
  Block: Buckler           |    21 |    38 |    86 |   106 ||   251

Table legend: (Time is in decaauts)
 A = Elapsed time spent in this place.
 B = Non-inter-level travel time spent in this place.
 C = Inter-level travel time spent in this place.
 D = Time resting spent in this place.
 E = Time spent auto-exploring this place.
 F = Levels seen in this place.
 G = Mean time per level.
                   A        B        C        D        E       F      G
               +--------+--------+--------+--------+--------+-----+--------+
         Total |  12827 |  12522 |    305 |   4177 |   5789 |  12 | 1068.9 |
       Dungeon |  12811 |  12506 |    305 |   4177 |   5789 |  11 | 1164.6 |
        Temple |     16 |     16 |      0 |      0 |      0 |   1 |   16.0 |
               +--------+--------+--------+--------+--------+-----+--------+

Top non-repeatable levels by time:
     D:7: 1567 daAuts
     D:5: 1487 daAuts
     D:4: 1402 daAuts
     D:9: 1402 daAuts
     D:8: 1314 daAuts
    D:10: 1271 daAuts
     D:6: 1047 daAuts
     D:3: 923 daAuts
    D:11: 878 daAuts
     D:2: 830 daAuts
     D:1: 686 daAuts
  Temple: 16 daAuts
